 Dungeon Crawl Stone Soup version 0.32-a0-468-g38b2580584 (webtiles) character file.

Game seed: 5798854845896263032

486 Dirtsage the Cleaver (level 6, -1/51 HPs)
             Began as a Mountain Dwarf Fighter on Feb 24, 2024.
             Slain by a centaur (3 damage)
             ... on level 6 of the Dungeon.
             The game lasted 00:05:12 (4263 turns).

Dirtsage the Cleaver (Mountain Dwarf Fighter)       Turns: 4263, Time: 00:05:12

Health: -1/51      AC:  3    Str: 20    XL:     6   Next: 89%
Magic:  6/6        EV:  9    Int:  9    God:
Gold:   251        SH:  4    Dex:  9    Spells: 5/5 levels left

rFire   + . .        a - +0 war axe
rCold   + . .        c - +0 buckler
rNeg    . . .        b - +0 scale mail
rPois   .            (helmet restricted)
rElec   .            m - scarf {rC+ rF+}
rCorr   .            (no gloves)
SInv    +            (no boots)
Will    .....        (no amulet) Stlth
                     S - ring of see invisible
HPRegen 0.28/turn    (no ring)
MPRegen 0.10/turn

%: no passive effects
@: no status effects
A: runic magic, artefact enchanting, antennae 1, deformed body, sense
surroundings 2
a: no special abilities


You were on level 6 of the Dungeon.
You visited 1 branch of the dungeon, and saw 6 of its levels.

You collected 251 gold pieces.

Inventory:

Hand Weapons
 a - a +0 war axe (weapon)
Missiles
 z - 6 curare-tipped darts (quivered)
Armour
 b - a +0 scale mail (worn)
 c - a +0 buckler (worn)
 k - a +0 helmet
 m - a scarf of resistance (worn)
 p - a scarf of repulsion
Jewellery
 i - a +6 ring of intelligence
 v - a ring of magical power
 S - a ring of see invisible (left hand)
Wands
 j - a wand of polymorph (9)
 y - a wand of acid (14)
Scrolls
 l - a scroll of noise
 n - a scroll of revelation {unknown}
 o - a scroll of brand weapon {unknown}
 s - a scroll of blinking {unknown}
 t - 2 scrolls of teleportation
 u - a scroll of enchant weapon {unknown}
 w - a scroll of immolation {unknown}
 x - 3 scrolls of poison {unknown}
 A - a scroll of fear {unknown}
Potions
 d - 3 potions of might
 e - a potion of invisibility {unknown}
 f - 2 potions of degeneration
 g - a potion of curing {unknown}
 h - a potion of lignification {unknown}
 q - a potion of haste {unknown}
 r - 2 potions of brilliance {unknown}


   Skills:
 - Level 3.2 Fighting
 + Level 9.0 Axes
 - Level 3.2 Armour
 - Level 3.2 Shields


You had 5 spell levels left.
You didn't know any spells.
Your spell library contained the following spells:

 Spells                   Type           Power      Damage    Failure   Level
 Magic Dart               Conj           0%         1d3       54%         1
 Sandblast                Erth           0%         2d4       54%         1
 Mercury Vapours          Alch/Air       0%         N/A       69%         2
 Searing Ray              Conj           0%         2d4       69%         2
 Static Discharge         Conj/Air       0%         3-3/arc   69%         2
 Mephitic Cloud           Conj/Alch/Air  0%         N/A       89%         3
 Fulminant Prism          Conj/Alch      0%         3d5       100%        4
 Leda's Liquefaction      Alch/Erth      0%         N/A       100%        4
 Freezing Cloud           Conj/Ice/Air   0%         6-21      100%        5


Dungeon Overview and Level Annotations

Branches:
Dungeon (6/15)
 Temple: D:4-7

Altars:
Dithmenos
Elyvilon
Kikubaaqudgha
Qazlal
Trog
Uskayaw
Beogh

Shops:
D:3 :


Innate Abilities, Weirdness & Mutations

Your spellcasting is much less encumbered by armour.
You can use scrolls of enchantment on lesser artefacts.
You have a pair of small antennae on your head.
Armour fits poorly on your strangely shaped body.
You passively map the area around you.


Message History

Sorry, you're not good enough to have a special ability.
The centaur shoots an arrow.
The arrow hits you. The jelly hits you but does no damage.
You take 3 damage, and have 31/51 hp.
The hound bites you.
The centaur unwields a +0 shortbow.
The centaur hits you. The centaur closely misses you.
The jelly hits you but does no damage.
You take 5 damage, and have 26/51 hp.
You closely miss the hound. You barely miss the centaur. You slash the jelly!
Your hands burn!
The hound bites you but does no damage. The centaur closely misses you.
The centaur kicks you. The hound bites you but does no damage.
The jelly hits you.
You are splashed with acid!
* * * LOW HITPOINT WARNING * * *
You take 11 damage, and have 15/51 hp.
MASSIVE DAMAGE!!
You slash the hound!
The hound is severely wounded.
You hit the jelly.
Your hands burn!
* * * LOW HITPOINT WARNING * * *
You hit the centaur. The centaur hits you.
* * * LOW HITPOINT WARNING * * *
You block the centaur's attack. The hound bites you.
* * * LOW HITPOINT WARNING * * *
The centaur hits you.
* * * LOW HITPOINT WARNING * * *
The centaur barely misses you. The jelly hits you but does no damage.
You take 8 damage, and have 7/51 hp.
You slash the hound!
You kill the hound!
You hit the jelly.
Your hands burn!
* * * LOW HITPOINT WARNING * * *
You barely miss the centaur. The centaur hits you.
* * * LOW HITPOINT WARNING * * *
The centaur kicks you but does no damage.
The jelly completely misses you. The centaur hits you.
* * * LOW HITPOINT WARNING * * *
The centaur kicks you but does no damage.
Your Axes skill increases to level 9!
You take 6 damage, and have 1/51 hp.
The centaur hits you.
You die...

###### ###.....##
##.........
##....$..... ,
#...........,
#...........,,,,,*
#...........,
##....J....^. , ,,
#....@c......* , ,
#.$.......... *
#...........# ,,
#...........# * ,
#..........##
#.........## ,
#..:.....## ,
##......## ,,*** *


You could see a centaur and a jelly.

Vanquished Creatures
  A bombardier beetle (D:4)
  4 hounds
  2 orc priests
  3 orc wizards (D:3)
  4 gnolls (D:5)
  6 adders
  5 dart slugs
  A ribbon worm (D:3)
  13 orcs
  8 endoplasms
  3 giant cockroaches
  3 goblins
  6 hobgoblins
  5 jackals
  4 quokkas
  3 ball pythons
  5 bats
  2 frilled lizards
  8 kobolds
  5 rats
91 creatures vanquished.

Notes
Turn   | Place    | Note
-------+----------+-------------------------------------------
     0 | D:1      | Dirtsage the Mountain Dwarf Fighter began the quest for the
                  | Orb.
     0 | D:1      | Reached XP level 1. HP: 19/19 MP: 1/1
   105 | D:1      | Reached skill level 3 in Axes
   169 | D:1      | Reached XP level 2. HP: 19/26 MP: 2/2
   314 | D:1      | Reached skill level 4 in Axes
   405 | D:1      | Found a roughly hewn altar of Beogh.
   409 | D:1      | Reached XP level 3. HP: 31/31 MP: 3/3
   441 | D:1      | Found a faded altar of an unknown god.
  1312 | D:2      | Reached skill level 5 in Axes
  1598 | D:3      | Reached XP level 4. HP: 26/38 MP: 4/4
  1611 | D:3      | Gained mutation: Armour fits poorly on your strangely
                  | shaped body. [potion of mutation]
  1611 | D:3      | Gained mutation: Your skin changes colour to match your
                  | surroundings (Stealth+). [potion of mutation]
  1611 | D:3      | Gained mutation: You occasionally lose the ability to read
                  | scrolls when taking damage. [potion of mutation]
  1611 | D:3      | HP: 1/38 [orc/+0 dagger (2)]
  1624 | D:3      | Reached skill level 6 in Axes
  1730 | D:3      | Found a hide-covered altar of Uskayaw.
  1765 | D:3      | Found an ancient bone altar of Kikubaaqudgha.
  1946 | D:3      | Found Cymm's Book Emporium.
  1978 | D:3      | Found a white marble altar of Elyvilon.
  2029 | D:3      | Reached XP level 5. HP: 37/45 MP: 5/5
  2057 | D:3      | Reached skill level 7 in Axes
  2647 | D:4      | Got Sif Muna's Incunable of Injury and Excavation
  2998 | D:4      | Found a bloodstained altar of Trog.
  3054 | D:4      | Reached XP level 6. HP: 47/51 MP: 6/6
  3168 | D:5      | Entered Level 5 of the Dungeon
  3177 | D:5      | Reached skill level 8 in Axes
  3427 | D:5      | Found a shadowy altar of Dithmenos.
  3505 | D:5      | Found a stormy altar of Qazlal.
  3873 | D:5      | Lost mutation: Your skin changes colour to match your
                  | surroundings (Stealth+). [potion of mutation]
  3873 | D:5      | Lost mutation: You occasionally lose the ability to read
                  | scrolls when taking damage. [potion of mutation]
  3873 | D:5      | Gained mutation: You have a pair of small antennae on your
                  | head. [potion of mutation]
  3873 | D:5      | Gained mutation: You passively map a small area around you.
                  | [potion of mutation]
  3873 | D:5      | Gained mutation: You passively map the area around you.
                  | [potion of mutation]
  4262 | D:6      | HP: 1/51 [centaur (2)]
  4263 | D:6      | Reached skill level 9 in Axes
  4263 | D:6      | Slain by a centaur

Illustrated notes

Levels and vault maps discovered:
D:1:      kennysheep_arrival_seaside, layout_basic,
          hellmonk_ecumenical_altar_defaced_shrine
D:2:      layout_basic
D:3:      layout_loops_ring, mainiacjoe_overflow_tiny_flanked,
          nicolae_uskayaw_suspiria, elyvilon_altar_3, serial_shops, shop
D:4:      layout_basic, mainiacjoe_overflow_concentric_impassable
D:5:      layout_basic, kennysheep_little_box,
          mainiacjoe_overflow_six_doors_small, kennysheep_pointless_box
D:6:      minmay_recursive_quarters, layout_cave_pods,
          okawaru_ov_weapons_minmay, lightli_sewer_entry_pipes

Skill      XL: |  1  2  3  4  5  6 |
---------------+-------------------+-----
Axes           | 3 4 5 6 7 9 |  9.0
Fighting       | |  3.2
Armour         | |  3.2
Shields        | |  3.2

Action                     |  1- 3 |  4- 6 || total
---------------------------+-------+-------++-------
  Melee: War axe           |   102 |   173 ||   275
    Use: Potion            |       |     5 ||     5
         Scroll            |       |     2 ||     2
 Armour: Scale mail        |    84 |   147 ||   231
  Dodge: Dodged            |    45 |    71 ||   116
  Block: Buckler           |    20 |    28 ||    48

Table legend: (Time is in decaauts)
 A = Elapsed time spent in this place.
 B = Non-inter-level travel time spent in this place.
 C = Inter-level travel time spent in this place.
 D = Time resting spent in this place.
 E = Time spent auto-exploring this place.
 F = Levels seen in this place.
 G = Mean time per level.
                   A        B        C        D        E       F      G
               +--------+--------+--------+--------+--------+-----+--------+
         Total |   4334 |   4258 |     76 |      0 |   3596 |   6 |  722.3 |
       Dungeon |   4334 |   4258 |     76 |      0 |   3596 |   6 |  722.3 |
               +--------+--------+--------+--------+--------+-----+--------+

Top non-repeatable levels by time:
     D:5: 1095 daAuts
     D:3: 911 daAuts
     D:2: 797 daAuts
     D:1: 761 daAuts
     D:4: 758 daAuts
     D:6: 9 daAuts
